 Dungeon Crawl Stone Soup version 0.29.0-5-ge4962eb29e (webtiles) character file.

Game seed: 919690787801241896

207 sanka the Ruffian (level 5, -17/45 HPs)
             Began as a Draconian Monk on Aug 29, 2022.
             Demolished by an ogre
             ... wielding a +0 giant club
              (34 damage)
             ... on level 4 of the Dungeon.
             The game lasted 00:03:36 (4071 turns).

sanka the Ruffian (Draconian Monk)                  Turns: 4071, Time: 00:03:36

Health: -17/45     AC:  5    Str: 14    XL:     5   Next: 54%
Magic:  5/5        EV: 12    Int: 12    God:
Gold:   208        SH:  0    Dex: 13    Spells: 4/4 levels left

rFire   . . .      SeeInvis .     - Unarmed
rCold   . . .      Faith    .   (no shield)
rNeg    . . .      Spirit   .   (body armour unavailable)
rPois   .          Reflect  .   (helmet restricted)
rElec   .          Harm     .   (no cloak)
rCorr   .          Rampage  .   (no gloves)
Will    .....                   (no boots)
Stlth   ++........              (no amulet)
HPRegen 0.15/turn               (no ring)
MPRegen 0.09/turn               (no ring)

@: no status effects
A: AC +5, unfitting armour, cold-blooded
a: no special abilities


You were on level 4 of the Dungeon.
You visited 1 branch of the dungeon, and saw 4 of its levels.

You collected 208 gold pieces.


Innate Abilities, Weirdness & Mutations

Your plain brown scales are hard. (AC +5)
You cannot fit into any form of body armour.
You are cold-blooded and may be slowed by cold attacks.


   Skills:
 - Level 3.2 Fighting
 - Level 2.6 Dodging
 - Level 1.7 Stealth
 + Level 6.3 Unarmed Combat


You had 4 spell levels left.
You didn't know any spells.
Your spell library was empty.

Inventory:

Scrolls
 d - a scroll of silence {unknown}
 e - a scroll of brand weapon {unknown}
 f - a scroll of noise {unknown}
 h - 3 scrolls of identify {unknown}
 i - a scroll of blinking {unknown}
 j - a scroll of enchant weapon {unknown}
 k - a scroll of teleportation {unknown}
 l - a scroll of vulnerability {unknown}
 m - a scroll of enchant armour {unknown}
 o - a scroll of magic mapping {unknown}
 p - a scroll of amnesia {unknown}
Potions
 a - a potion of ambrosia
 b - a potion of curing {unknown}
 c - a potion of mutation {unknown}
 g - 2 potions of lignification {unknown}
 n - 2 potions of brilliance {unknown}

Dungeon Overview and Level Annotations

Branches:
Dungeon (4/15)
 Temple: D:4-7

Altars:
Ashenzari
Makhleb
Sif Muna

........▒▒.....▒
.......▒▒.....▒▒..
..................
▒...............
▒▒...........▒▒...
▒............▒ ...
▒.................
▒...............
▒▒...d▒▒▒▒▒▒▒▒...
▒./.O▒ ...
........▒
........'
........▒
▒▒▒▒▒▒▒▒▒


You could see an ogre.


Message History

Things that are here:
a +0 dagger; 4 poisoned darts; a kobold corpse
Found a wooden wand.
You now have 208 gold pieces (gained 17).
Found a dagger.
An ogre comes into view. It is wielding a +0 giant club.
An ogre is nearby!
The ogre shouts!
You hit the ogre.
The ogre is lightly wounded.
The ogre barely misses you.
You hit the ogre.
Your tail-slap misses the ogre.
The ogre is lightly wounded.
You hit the ogre.
The ogre is moderately wounded.
The ogre hits you with a +0 giant club!!
Ouch! That really hurt!
* * * LOW HITPOINT WARNING * * *
You barely miss the ogre.
The ogre is moderately wounded.
The ogre barely misses you.
You hit the ogre. You tail-slap the ogre.
The ogre is moderately wounded.
You punch the ogre!
The ogre is severely wounded.
The ogre hits you with a +0 giant club!!
Ouch! That really hurt!
You die...

Action                   |  1- 3 |  4- 6 || total
-------------------------+-------+-------++-------
Melee: Unarmed           |   125 |    72 ||   197
       Tailslap          |    13 |    18 ||    31
       Punch             |     4 |     4 ||     8
 Stab: Sleeping          |     6 |     1 ||     7
Armor: Skin              |    42 |     3 ||    45
Dodge: Dodged            |    70 |    30 ||   100

Levels and vault maps discovered:
D:1:      erik_arrival_orb_chamber, layout_basic
D:2:      layout_loops_corners, basic_altar, dilly_ecumenical_altar_fadedgnrine
D:3:      layout_rooms, demons_altar, nicolae_overflow_crystal_walls,
          interstate_on_off
D:4:      layout_gridville, lemuel_mausoleum_altar_kikubaaqudgha,
          minmay_temple_entry_ruins, minmay_misc_feat_roman

Notes
Turn   | Place    | Note
-------+----------+-------------------------------------------
     0 | D:1      | sanka the Draconian Monk began the quest for the Orb.
     0 | D:1      | Reached XP level 1. HP: 19/19 MP: 1/1
   179 | D:1      | Reached XP level 2. HP: 26/26 MP: 2/2
  1233 | D:2      | Reached skill level 4 in Unarmed Combat
  1452 | D:2      | Reached XP level 3. HP: 28/31 MP: 3/3
  1822 | D:2      | Found a broken altar of Ashenzari.
  1969 | D:2      | Found a faded altar of an unknown god.
  2543 | D:2      | Reached skill level 5 in Unarmed Combat
  2543 | D:2      | Reached XP level 4. HP: 9/38 MP: 4/4
  3409 | D:3      | Found a shimmering blue altar of Sif Muna.
  3585 | D:3      | Found a burning altar of Makhleb.
  3639 | D:3      | Reached XP level 5. HP: 35/45 MP: 5/5
  3650 | D:3      | Reached skill level 6 in Unarmed Combat
  4061 | D:4      | Noticed an ogre
  4071 | D:4      | Demolished by an ogre

Vanquished Creatures
  3 iron imps (D:3)
  3 adders
  4 gnolls
  A dart slug (D:1)
  A worm (D:3)
  An orc (D:3)
  6 ball pythons
  7 bats
  7 endoplasms
  2 giant cockroaches (D:1)
  2 hobgoblins (D:2)
  4 quokkas
  A frilled lizard (D:2)
  2 goblins
  4 kobolds
  5 rats
53 creatures vanquished.
